 Dungeon Crawl Stone Soup version 0.20.0-15-g7f486f2 (webtiles) character file.

591 nikopol the Chopper (level 7, -6/60 HPs)
             Began as a Hill Orc Fighter on June 10, 2017.
             Mangled by an ogre
             ... wielding a +0 giant spiked club
              (13 damage)
             ... on level 4 of the Dungeon.
             The game lasted 00:07:39 (4192 turns).

nikopol the Chopper (Hill Orc Fighter)              Turns: 4192, Time: 00:07:40

Health: -6/60      AC:  7    Str: 26    XL:     7   Next: 39%
Magic:  7/7        EV:  8    Int:  8    God:
Gold:   217        SH: 10    Dex: 10    Spells: 6/6 levels left

rFire    . . .     SeeInvis .   a - +0 war axe
rCold    . . .     Gourm    .   c - +0 shield
rNeg     . . .     Faith    .   b - +0 scale mail
rPois    .         Spirit   .   (no helmet)
rElec    .         Reflect  .   (no cloak)
rCorr    .         Harm     .   (no gloves)
MR       .....                  (no boots)
Stlth    ..........             (no amulet)
Regen    0.2/turn               (no ring)
MPRegen  0.1/turn               (no ring)

@: mighty
A: no striking features
a: Convert to Beogh


You were on level 4 of the Dungeon.
You were not hungry.

You visited 1 branch of the dungeon, and saw 4 of its levels.

You collected 217 gold pieces.

Inventory:

Hand Weapons
 a - a +0 war axe (weapon)
Armour
 b - a +0 scale mail (worn)
 c - a +0 shield (worn)
Jewellery
 n - a cursed ring of loudness {unknown}
 p - a +5 ring of dexterity {unknown}
 t - an uncursed amulet of harm {unknown}
Wands
 y - a wand of random effects (24/48)
Scrolls
 e - a scroll of amnesia {unknown}
 i - 3 scrolls of magic mapping {unknown}
 j - a scroll of recharging {unknown}
 k - 5 scrolls of remove curse {unknown}
 l - a scroll of enchant weapon {unknown}
 m - 2 scrolls of fog {unknown}
 r - 3 scrolls of identify {unknown}
 z - a scroll of fear {unknown}
Potions
 h - a potion of heal wounds {unknown}
 o - 2 potions of mutation {unknown}
 u - a potion of berserk rage {unknown}
 v - 2 potions of cancellation {unknown}
 x - a potion of haste {unknown}
Books
 q - a book of Maledictions

   Spells                             Type                      Level
   a - Corona                         Hexes                        1
   b - Ensorcelled Hibernation        Hexes/Ice                    2
   c - Confuse                        Hexes                        3
   d - Tukima's Dance                 Hexes                        3
   e - Dazzling Spray                 Conjuration/Hexes            3
Comestibles
 f - 4 bread rations
 g - 2 royal jellies
 s - 2 fruits
 w - 2 chunks of flesh


   Skills:
 + Level 4.8 Fighting
 + Level 6.9 Axes
 + Level 4.8 Armour
 + Level 1.4 Dodging
 + Level 5.0 Shields


You had 6 spell levels left.
You didn't know any spells.

Dungeon Overview and Level Annotations

Branches:
Dungeon (4/15)
 Temple: D:4-7

Altars:
Cheibriados
Fedhas
Gozag
Trog
The Shining One

Annotations:
D:4 1 runed door


Message History

The orc wizard casts a spell at you. The magic dart hits you!
The ogre hits you with a giant spiked club!!
* * * LOW HITPOINT WARNING * * *
You hit the ogre but do no damage. You closely miss the orc.
You barely miss the orc. You hit the ogre. You block the ogre's attack.
The orc hits you but does no damage.
You feel very mighty all of a sudden. The orc completely misses you.
You block the ogre's attack. The orc barely misses you.
The orc priest begins to cast a cantrip, but forgets the words!
Your shield prevents you from hitting the ogre.
The ogre is moderately wounded.
You slash the orc!
You kill the orc!
You slash the orc!
You kill the orc!
You hit the orc but do no damage. The orc hits you but does no damage.
The ogre hits you with a giant spiked club!
You die...

......## ...###.##
#....## ...# ##.##
##....... ..##
##.#######...)....
.#
##...............
# #..####.........
#.## #...o......
#####.#
#!))o......
##.....#
#..@Oo..>.#
##......#
#..########
##.......# #..#
##........# #..#
#.........# #..#
##.......##
#..##### ###.....#
##......# ##....#
#....>..# ###..#
#.......#


You could see an ogre, an orc priest, an orc wizard and an orc.

Vanquished Creatures
  Grinder (D:3)
  A crimson imp (D:4)
  A centaur skeleton (D:4)
  2 hounds
  An orc priest (D:4)
  An orc wizard (D:3)
  2 worker ants (D:4)
  8 adders
  3 worms
  2 dart slugs
  A leopard gecko (D:2)
  5 orcs
  2 ball pythons (D:3)
  A giant cockroach (D:1)
  6 goblins
  4 hobgoblins
  16 jackals
  2 quokkas
  9 bats
  6 frilled lizards
  5 kobolds
  10 rats
  A bush (D:1)
90 creatures vanquished.

Notes
Turn   | Place    | Note
-------+----------+-------------------------------------------
     0 | D:1      | nikopol the Hill Orc Fighter began the quest for the Orb.
     0 | D:1      | Reached XP level 1. HP: 19/19 MP: 1/1
   129 | D:1      | Reached XP level 2. HP: 23/27 MP: 2/2
   525 | D:1      | Reached skill level 3 in Axes
  1202 | D:2      | Found a snail-covered altar of Cheibriados.
  1202 | D:2      | Found a bloodstained altar of Trog.
  1302 | D:2      | Reached XP level 3. HP: 25/33 MP: 3/3
  1457 | D:2      | Found an opulent altar of Gozag.
  1589 | D:2      | Reached XP level 4. HP: 39/40 MP: 4/4
  2140 | D:3      | Reached skill level 4 in Axes
  2309 | D:3      | Noticed Grinder
  2317 | D:3      | Reached XP level 5. HP: 44/46 MP: 5/5
  2322 | D:3      | Paralysed by Grinder for 6 turns
  2383 | D:3      | Paralysed by Grinder for 7 turns
  2396 | D:3      | Paralysed by Grinder for 2 turns
  2399 | D:3      | Killed Grinder
  2399 | D:3      | Reached skill level 5 in Axes
  2399 | D:3      | Reached skill level 1 in Dodging
  2399 | D:3      | Reached XP level 6. HP: 18/53 MP: 6/6
  3502 | D:3      | Reached skill level 6 in Axes
  3771 | D:4      | Reached XP level 7. HP: 57/60 MP: 7/7
  3787 | D:4      | Found a blossoming altar of Fedhas.
  3847 | D:4      | Found a glowing golden altar of the Shining One.
  3855 | D:4      | Found a runed door.
  3855 | D:4      | Noticed an angel
  4103 | D:4      | Reached skill level 5 in Shields
  4192 | D:4      | Mangled by an ogre

Skill      XL: |  1  2  3  4  5  6  7 |
---------------+----------------------+-----
Axes           | 3 4 5 6 |  6.9
Fighting       | 4 |  4.8
Shields        | 4 5 |  5.0
Armour         | 4 |  4.8
Dodging        | 1 |  1.4

Action                   |  1- 3 |  4- 6 |  7- 9 || total
-------------------------+-------+-------+-------++-------
Melee: War axe           |   160 |   179 |    34 ||   373
  Use: Potion            |       |       |     1 ||     1
  Eat: Chunk             |     3 |     7 |     1 ||    11
Armor: Scale mail        |    49 |    77 |    16 ||   142
Dodge: Dodged            |    31 |    70 |    11 ||   112
Block: Shield            |    59 |    77 |    17 ||   153
